 Dungeon Crawl Stone Soup version 0.17.0-25-gefc9c12 (webtiles) character file.

93 septik the Skirmisher (level 4, 0/29 HPs)
             Began as a Gargoyle Fighter on Nov 18, 2015.
             Slain by an adder (2 damage)
             ... on level 3 of the Dungeon.
             The game lasted 00:02:35 (1676 turns).

septik the Skirmisher (Gargoyle Fighter)            Turns: 1676, Time: 00:02:35

Health: 0/29       AC: 10    Str: 21    XL:     4   Next: 61%
Magic:  4/4        EV:  7    Int:  8    God:
Gold:   57         SH:  9    Dex:  9    Spells: 0 memorised, 3 levels left

rFire  . . .     SeeInvis .     a - +0 flail
rCold  . . .     Clarity  .     b - +0 scale mail
rNeg   + . .     SustAt   .     c - +0 shield
rPois  ∞         Gourm    .     (no helmet)
rElec  +         Spirit   .     (no cloak)
rCorr  .         Warding  .     (no gloves)
rMut   .         Stasis   .     (no boots)
MR     .....                    (no amulet)
Stlth  ..........               (no ring)
                                (no ring)

@: not resistant to hostile enchantments, extremely unstealthy
A: negative energy resistance 1, electricity resistance, unbreathing,
petrification resistance, rot immunity, AC +3
a: no special abilities


You were on level 3 of the Dungeon.
You were near starving.

You visited 1 branch of the dungeon, and saw 3 of its levels.

You collected 57 gold pieces.

Inventory:

Hand Weapons
 a - a +0 flail (weapon)
Missiles
 h - 62 stones (quivered)
Armour
 b - a +0 scale mail (worn)
 c - a +0 shield (worn)
Jewellery
 n - an uncursed ring of see invisible {unknown}
Scrolls
 g - a scroll of enchant armour {unknown}
 j - 3 scrolls of teleportation {unknown}
 l - 2 scrolls of identify {unknown}
 p - a scroll of noise {unknown}
Potions
 d - a potion of might
 f - 3 potions of curing {unknown}
 i - 2 potions of flight {unknown}
 o - a potion of haste {unknown}
Comestibles
 e - 3 bread rations
 k - 2 beef jerkies


   Skills:
 + Level 4.1 Fighting
 * Level 3.5 Maces & Flails
 + Level 4.0 Armour
 - Level 3.2 Shields


You had 3 spell levels left.
You didn't know any spells.

Dungeon Overview and Level Annotations

Branches:
Dungeon (3/15)

Altars:
Trog


Innate Abilities, Weirdness & Mutations

You are resistant to torment.
Your stone body is resilient (AC +3).
You are immune to poison.
You resist negative energy.
You are resistant to electric shocks.
You can survive without breathing.
You are immune to petrification.
You are immune to rotting.


Message History

You block the adder's attack. The orc hits you but does no damage.
You block the adder's attack. The worm bites you.
You closely miss the adder. The adder barely misses you.
You block the adder's attack. The worm bites you. The orc hits you.
The orc hits you but does no damage.
You thump the worm!
The worm is severely wounded.
The adder bites you.
* * * LOW HITPOINT WARNING * * *
The orc hits you but does no damage. The adder bites you but does no damage.
You block the orc's attack. The worm bites you.
* * * LOW HITPOINT WARNING * * *
You block the adder's attack. You block the quokka's attack.
You block the adder's attack.
You sock the orc!
You kill the orc!
The adder bites you but does no damage. The orc hits you but does no damage.
The adder bites you.
You die...

#.... #.... ....
...###+######
#..........#
#..........#
#..........#
#..ow......#
#..rS@.....#
#)..o......#
#.......#<.######
#.......#..#
#.......#..#
####..###..# ##.
#... #. #?.## #.
#..#


You could see a worm, an adder, 2 orcs and a quokka.

Vanquished Creatures
  4 adders (D:2)
  An ooze (D:1)
  2 giant geckos
  3 orcs (D:3)
  2 ball pythons (D:2)
  5 bats
  6 giant cockroaches
  A goblin (D:1)
  8 hobgoblins
  6 kobolds
  2 quokkas (D:2)
  6 rats
46 creatures vanquished.

Notes
Turn   | Place    | Note
--------------------------------------------------------------
     0 | D:1      | septik the Gargoyle Fighter began the quest for the Orb.
     0 | D:1      | Reached XP level 1. HP: 14/14 MP: 1/1
    63 | D:1      | Reached XP level 2. HP: 19/19 MP: 2/2
   446 | D:1      | Reached XP level 3. HP: 21/23 MP: 3/3
  1011 | D:2      | Reached skill level 4 in Fighting
  1011 | D:2      | Reached XP level 4. HP: 20/29 MP: 4/4
  1453 | D:2      | Found a bloodstained altar of Trog.
  1676 | D:3      | Slain by an adder

Action                   |  1- 3 |  4- 6 || total
-------------------------+-------+-------++-------
Melee: Flail             |    88 |    48 ||   136
  Eat: Chunk             |       |     1 ||     1
